 Dungeon Crawl Stone Soup version 0.24-b1-44-g37ad8b309f (webtiles) character file.

Game seed: 733170685564773188, levelgen mode: deterministic

220 Emblim88 the Skirmisher (level 5, -18/47 HPs)
             Began as a Minotaur Monk on Oct 24, 2019.
             Was a Believer of Qazlal.
             Killed from afar by Ijyb (24 damage)
             ... with a bolt of acid
             ... on level 4 of the Dungeon.
             The game lasted 00:04:50 (2965 turns).

Emblim88 the Skirmisher (Minotaur Monk)             Turns: 2965, Time: 00:04:51

Health: -18/47     AC:  1    Str: 13 (16) XL:     5   Next: 64%
Magic:  4/4        EV: 12    Int:  4 (7)  God:    Qazlal [**....]
Gold:   212        SH:  2    Dex: 13      Spells: 4/4 levels left

rFire    . . .     SeeInvis .   a - +0 falchion
rCold    . . .     Gourm    .   (no shield)
rNeg     . . .     Faith    .   g - +0 ring mail
rPois    .         Spirit   .   (helmet restricted)
rElec    .         Reflect  .   (no cloak)
rCorr    .         Harm     .   (no gloves)
MR       .....                  (no boots)
Stlth    +.........             (no amulet)
HPRegen  0.15/turn              (no ring)
MPRegen  0.09/turn              (no ring)

@: corroded, very slightly contaminated
A: retaliatory headbutt, horns 2
a: Upheaval, Renounce Religion


You were on level 4 of the Dungeon.
You worshipped Qazlal.
Qazlal was pleased with you.
You were not hungry.

You visited 1 branch of the dungeon, and saw 5 of its levels.

You collected 212 gold pieces.

Inventory:

Hand Weapons
 a - a +0 falchion (weapon)
Armour
 g - a +0 ring mail (worn)
Wands
 b - a wand of random effects (19)
 f - a wand of paralysis (9)
 n - a wand of iceblast (10)
Scrolls
 d - 3 scrolls of identify
Potions
 e - 2 potions of might
 h - a potion of curing
Comestibles
 c - a ration
 m - 4 chunks of flesh


   Skills:
 + Level 4.9 Fighting
 + Level 4.9 Long Blades
 + Level 3.0 Armour
 + Level 4.5 Dodging
 - Level 1.5 Stealth


You had 4 spell levels left.
You didn't know any spells.
Your spell library was empty.

Dungeon Overview and Level Annotations

Branches:
Dungeon (5/15)
 Temple: D:4-7

Altars:
Qazlal
Zin

Shops:
D:4 (

Annotations:
D:4 Ijyb


Innate Abilities, Weirdness & Mutations

You reflexively headbutt those who attack you in melee.
You have a pair of horns on your head.


Message History

You riposte.
You barely miss the ogre. You headbutt the ogre.
The ogre is lightly wounded.
The ogre barely misses you. The adder barely misses you.
You furiously retaliate!
You headbutt the adder, but do no damage.
You riposte.
You miss the adder. You headbutt the adder!
The adder is almost dead.
The ogre closely misses you.
There is a stone staircase leading down here.
You hit the adder.
You kill the adder!
Qazlal accepts your kill. The orc barely misses you.
You riposte.
You hit the orc.
The orc is severely wounded.
You feel better. You block the orc's attack.
The ogre hits you with a +0 giant club!
* * * LOW HITPOINT WARNING * * *
Ijyb zaps a wand.
The bolt of acid hits you!!
Ouch! That really hurt!
You die...

.... #[...####
.........
.........###
....... ...
.......##.##
...........# .
........gw)####..!.
.......@o#..)......
##......O#Z#.w...##
##.....Z#.#.≈≈≈...
..
..........##≈≈≈≈≈..
.. ..........#
≈≈.≈≈.. .
..........# ≈≈≈≈≈..
## ...........
.≈≈≈.o. .#
.......##.....###..
..#.. #...... #....


You could see an ogre, Ijyb, a dart slug, an orc and a howler monkey skeleton.

Vanquished Creatures
  Jessica (D:2)
  Terence (D:2)
  Natasha (D:2)
  6 adders
  An ooze (D:1)
  2 worms
  A dart slug (D:2)
  2 leopard geckos (D:2)
  4 orcs
  A ball python (D:1)
  2 giant cockroaches
  6 goblins
  11 hobgoblins
  9 jackals
  6 kobolds
  2 quokkas
  3 bats
  A frilled lizard (D:1)
  6 rats
66 creatures vanquished.

Vanquished Creatures (others)
  An orc (D:4)
1 creature vanquished.

Grand Total: 67 creatures vanquished

Notes
Turn   | Place    | Note
-------+----------+-------------------------------------------
     0 | D:1      | Emblim88 the Minotaur Monk began the quest for the Orb.
     0 | D:1      | Reached XP level 1. HP: 19/19 MP: 0/0
   150 | D:1      | Reached XP level 2. HP: 27/27 MP: 1/1
   617 | D:1      | Reached skill level 1 in Armour
   850 | D:2      | Reached XP level 3. HP: 15/33 MP: 2/2
  1090 | D:2      | Noticed Jessica
  1101 | D:2      | Noticed Terence
  1104 | D:2      | Killed Jessica
  1104 | D:2      | Reached XP level 4. HP: 21/41 MP: 3/3
  1109 | D:2      | Killed Terence
  1440 | D:2      | Noticed Natasha
  1460 | D:2      | Killed Natasha
  1638 | D:2      | You fall into a shaft and drop 1 floor!
  1730 | D:3      | Reached XP level 5. HP: 47/47 MP: 4/4
  2387 | D:3      | Found a glowing silver altar of Zin.
  2780 | D:4      | Found Xoxafaiq's Weapon Emporium.
  2804 | D:4      | Found a stormy altar of Qazlal.
  2805 | D:4      | Found the +6 lightning scales {run, rElec}
  2929 | D:4      | Became a worshipper of Qazlal Stormbringer
  2929 | D:4      | Reached * piety under Qazlal
  2929 | D:4      | Reached ** piety under Qazlal
  2934 | D:5      | Entered Level 5 of the Dungeon
  2953 | D:4      | Noticed Ijyb
  2954 | D:4      | Noticed an ogre
  2965 | D:4      | Killed from afar by Ijyb

Skill      XL: |  1  2  3  4  5 |
---------------+----------------+-----
Fighting       | 4 |  4.9
Armour         | 1 2 3 |  3.0
Long Blades    | 4 |  4.9
Dodging        | 4 |  4.5
Stealth        | |  1.5

Action                   |  1- 3 |  4- 6 || total
-------------------------+-------+-------++-------
Melee: Falchion          |    68 |   111 ||   179
       Headbutt          |     7 |    20 ||    27
  Use: Scroll            |     5 |     2 ||     7
       Potion            |       |     9 ||     9
 Stab: Sleeping          |     2 |       ||     2
       Distracted        |     1 |       ||     1
  Eat: Ration            |       |     2 ||     2
       Chunk             |       |     1 ||     1
Armor: Robe              |     4 |       ||     4
       Ring mail         |    14 |    46 ||    60
Dodge: Dodged            |    35 |   111 ||   146
Block: Other             |       |     3 ||     3
       Rpst.: Falchion   |    12 |    39 ||    51
